 Dungeon Crawl Stone Soup version 0.31-a0-190-g4feb4907b2 (webtiles) character file.

Game seed: 1908077647882407296

78 qw the Shooter (level 4, 0/25 HPs)
             Began as a Deep Elf Hunter on June 23, 2023.
             Slain by a gnoll
             ... wielding a +0 club
              (7 damage)
             ... on level 2 of the Dungeon.
             The game lasted 00:00:33 (813 turns).

qw the Shooter (Deep Elf Hunter)                     Turns: 813, Time: 00:00:34

Health: 0/25       AC:  4    Str: 10    XL:     4   Next: 15%
Magic:  6/6        EV: 12    Int: 14    God:
Gold:   35         SH:  0    Dex: 18    Spells: 3/3 levels left

rFire   . . .        Y - +0 shortbow
rCold   . . .        (shield currently unavailable)
rNeg    . . .        c - +0 leather armour
rPois   .            k - +0 helmet
rElec   .            (no cloak)
rCorr   .            (no gloves)
SInv    .            (no boots)
Will    .....        (no amulet)
Stlth   ++           (no ring)
HPRegen 0.24/turn    (no ring)
MPRegen 0.10/turn

%: no passive effects
@: about to teleport
A: no striking features
a: no special abilities


You were on level 2 of the Dungeon.
You visited 1 branch of the dungeon, and saw 2 of its levels.

You collected 35 gold pieces.


   Skills:
 - Level 1.5 Fighting
 + Level 7.6 Ranged Weapons
 - Level 2.4 Dodging
 - Level 1.2 Stealth


You had 3 spell levels left.
You didn't know any spells.
Your spell library was empty.

Inventory:

Hand Weapons
 Y - a +0 shortbow (weapon)
Armour
 c - a +0 leather armour (worn)
 k - a +0 helmet (worn)
Jewellery
 a - a ring of ice
Scrolls
 b - a scroll of teleportation
 j - a scroll of identify
Potions
 d - a potion of might {unknown}
 f - a potion of degeneration {unknown}
 g - a potion of curing {unknown}
 i - a potion of heal wounds {unknown}
 l - a potion of attraction {unknown}

Dungeon Overview and Level Annotations

Branches:
Dungeon (2/15)

Altars:


Message History

795 ||| FLEEEEING.
Enter note:
796 ||| FLEEEEING.
Enter note:
797 ||| FLEEEEING.
798 ||| FLEEEEING.
799 ||| FLEEEEING.
800 ||| FLEEEEING.
801 ||| FLEEEEING.
802 ||| FLEEEEING.
You shoot an arrow. The arrow barely misses the gnoll.
You shoot an arrow.
The arrow hits the gnoll but does no damage.
The gnoll hits you but does no damage.
You shoot an arrow. The arrow closely misses the gnoll. x2
The gnoll hits you with a +0 whip.
You shoot an arrow. The arrow hits the gnoll.
The gnoll is moderately wounded.
The gnoll misses you.
You shoot an arrow. The arrow barely misses the gnoll.
The arrow hits the gnoll.
The gnoll is lightly wounded.
The gnoll hits you with a +0 whip.
You shoot an arrow. The arrow barely misses the gnoll.
The arrow completely misses the gnoll.
The gnoll hits you with a +0 whip. x2
You shoot an arrow. The arrow hits the gnoll!
The gnoll is almost dead.
The gnoll hits you with a +0 whip.
You shoot an arrow. The arrow hits the gnoll!
You kill the gnoll!
You shoot an arrow. The arrow completely misses the gnoll.
The gnoll hits you with a +0 club.
812 ||| READING 2 scrolls of teleportation.
As you read the scroll of teleportation, it crumbles to dust.
You feel strangely unstable. The gnoll barely misses you.
You shoot an arrow. The arrow hits the gnoll.
The gnoll is moderately wounded.
The gnoll hits you with a +0 club!
You die...

#.#.####.# #.# #.#)# #.#
#.# #.#.# #.# #.#
#.#.####.#####.#
..#............#
>.###########.## .. #.#
#.# #@# #g# #.# ###.###
####.....###########
#.....)....).......#
######.........########.#
...............# #.#
.######.#.....%# #.#


You could see a gnoll.

Vanquished Creatures
  3 gnolls (D:2)
  3 dart slugs
  3 ball pythons (D:1)
  9 bats
  3 endoplasms
  A giant cockroach (D:1)
  6 goblins
  3 hobgoblins
  2 quokkas (D:1)
  A frilled lizard (D:2)
  4 kobolds
  2 rats (D:1)
40 creatures vanquished.

Notes
Turn   | Place    | Note
-------+----------+-------------------------------------------
     0 | D:1      | qw the Deep Elf Hunter began the quest for the Orb.
     0 | D:1      | Reached XP level 1. HP: 12/12 MP: 3/3
     0 | D:1      | 0 ||| qw: Version: 0.3-a-9-g12657ce
     0 | D:1      | 0 ||| qw: Game counter: 4515
     0 | D:1      | 0 ||| qw: Always use a shield: true
     0 | D:1      | 0 ||| qw: God list: Okawaru
     0 | D:1      | 0 ||| qw: Allow faded altars: false
     0 | D:1      | 0 ||| qw: Do Orc after D:15 true
     0 | D:1      | 0 ||| qw: Do second Lair branch before Depths: true
     0 | D:1      | 0 ||| qw: Lair rune preference: random
     0 | D:1      | 0 ||| qw: Plans: Normal
     0 | D:1      | 0 ||| PLANNING D:1-11
    40 | D:1      | 40 ||| DROPPING scroll of butterflies.
    80 | D:1      | Reached skill level 6 in Ranged Weapons
    80 | D:1      | Reached XP level 2. HP: 16/16 MP: 4/4
   189 | D:1      | Found a faded altar of an unknown god.
   190 | D:1      | Noticed a shining eye
   199 | D:1      | Noticed a shining eye
   199 | D:1      | Noticed an eye of devastation
   199 | D:1      | Noticed an eye of devastation
   295 | D:1      | Reached XP level 3. HP: 19/20 MP: 5/5
   501 | D:1      | 501 ||| UPGRADING to +0 helmet.
   506 | D:1      | 506 ||| READING scroll labelled WIROULIEFE.
   509 | D:1      | 509 ||| READING scroll labelled PAIMEM IHIDI.
   510 | D:1      | 510 ||| READING scroll labelled ROGOAC BIMOREBB.
   511 | D:1      | 511 ||| READING 2 scrolls labelled DEXKOGOPSA.
   538 | D:2      | 538 ||| STAIRDANCE
   641 | D:2      | Reached skill level 7 in Ranged Weapons
   768 | D:2      | Reached XP level 4. HP: 14/25 MP: 6/6
   768 | D:2      | 768 ||| FLEEEEING.
   769 | D:2      | 769 ||| FLEEEEING.
   770 | D:2      | 770 ||| FLEEEEING.
   771 | D:2      | 771 ||| FLEEEEING.
   772 | D:2      | 772 ||| FLEEEEING.
   773 | D:2      | 773 ||| FLEEEEING.
   774 | D:2      | 774 ||| FLEEEEING.
   775 | D:2      | 775 ||| FLEEEEING.
   776 | D:2      | 776 ||| FLEEEEING.
   777 | D:2      | 777 ||| FLEEEEING.
   778 | D:2      | 778 ||| FLEEEEING.
   779 | D:2      | 779 ||| FLEEEEING.
   780 | D:2      | 780 ||| FLEEEEING.
   781 | D:2      | 781 ||| FLEEEEING.
   782 | D:2      | 782 ||| FLEEEEING.
   783 | D:2      | 783 ||| FLEEEEING.
   784 | D:2      | 784 ||| FLEEEEING.
   785 | D:2      | 785 ||| FLEEEEING.
   786 | D:2      | 786 ||| FLEEEEING.
   787 | D:2      | 787 ||| FLEEEEING.
   788 | D:2      | 788 ||| FLEEEEING.
   789 | D:2      | 789 ||| FLEEEEING.
   790 | D:2      | 790 ||| FLEEEEING.
   791 | D:2      | 791 ||| FLEEEEING.
   792 | D:2      | 792 ||| FLEEEEING.
   793 | D:2      | 793 ||| FLEEEEING.
   794 | D:2      | 794 ||| FLEEEEING.
   795 | D:2      | 795 ||| FLEEEEING.
   796 | D:2      | 796 ||| FLEEEEING.
   797 | D:2      | 797 ||| FLEEEEING.
   798 | D:2      | 798 ||| FLEEEEING.
   799 | D:2      | 799 ||| FLEEEEING.
   800 | D:2      | 800 ||| FLEEEEING.
   801 | D:2      | 801 ||| FLEEEEING.
   802 | D:2      | 802 ||| FLEEEEING.
   811 | D:2      | HP: 6/25 [gnoll/+0 club (1)]
   812 | D:2      | 812 ||| READING 2 scrolls of teleportation.
   813 | D:2      | Slain by a gnoll

Levels and vault maps discovered:
D:1:      amcnicky_arrival_flooded_fountain, layout_rooms,
          hellmonk_ecumenical_altar_watching_god, minmay_misc_feat_more_columns,
          minmay_tetromino_i4
D:2:      layout_loops_ring, basic_altar, serial_shops, shop,
          chequers_serial_rivers_micro_a

Skill      XL: |  1  2  3 |
---------------+----------+-----
Ranged Weapons | 6 7 |  7.6
Fighting       | |  1.5
Dodging        | |  2.4
Stealth        | |  1.2

Action                     |  1- 3 |  4- 6 || total
---------------------------+-------+-------++-------
   Fire: Shortbow          |   106 |    10 ||   116
    Use: Scroll            |     4 |     1 ||     5
 Armour: Leather armour    |     7 |     1 ||     8
  Dodge: Dodged            |    21 |     2 ||    23

Table legend:
 A = Non-vault XP
 B = Vault XP
 C = Vault XP percentage of total XP
 D = Non-vault monster count
 E = Vault monster count
 F = Vault count percentage of total count
                 A         B        C        D         E       F
            +---------+---------+-------+---------+---------+-------
      Total |     107 |       5 |   4.5 |      37 |       3 |   7.5
            +---------+---------+-------+---------+---------+-------
        D:1 |      48 |       5 |   9.4 |      24 |       3 |  11.1
        D:2 |      59 |       0 |   0.0 |      13 |       0 |   0.0
            +---------+---------+-------+---------+---------+-------
